[Event "FIDE WCCC G10 2018"]
[Site "Santiago de Compostela"]
[Date "2018.11.14"]
[Round "10"]
[White "Anupam M Sreekumar"]
[Black "Kulish, Glafira"]
[Result "1-0"]
[ECO "B43"]
[WhiteElo "1615"]
[BlackElo "1153"]
[Annotator "NA RC"]
[PlyCount "87"]
[EventDate "2018.11.04"]
[EventType "swiss"]
[EventCountry "ESP"]
[SourceTitle "playchess.com"]
[Source "ChessBase"]
[SourceQuality "1"]
[TimeControl "40/5400+30:1800+30"]

1. e4 c5 2. Nf3 e6 3. d4 cxd4 4. Nxd4 a6 5. Nc3 Qc7 6. Be2 b5 7. a3 Bb7 8. Be3 Nf6 9. O-O Nxe4 10. Nxe4 Bxe4 11. c3 Be7 12. a4 b4 13. cxb4 Bxb4 14. Rc1 Qb7 15. f3 Bd5 16. Nb3 d6 17. Nd2 O-O 18. Nc4 Nd7 19. Kh1 Bxc4 20. Rxc4 d5 21. Rh4 Be7 22. Rh3 Bf6 23. Qb1 g6 24. b3 Bg7 25. f4 Rfc8 26. Qe1 Bf6 27. Qd1 Rab8 28. Bd4 Bg7 29. Bxg7 Kxg7 30. Qd4+ Nf6 31. g4 Qb4 32. Qa1 Qe4+ 33. Bf3 Qxf4 34. Bg2 Qg5 35. Rhf3 e5 36. Rxf6 Qxf6 37. Rxf6 Kxf6 38. Bxd5 Rc7 39. g5+ Kf5 40. h4 e4 41. Qd4 Re8 42. Kg2 Rce7 43. Kg3 Re5 44. Qf2# 1-0

[Event "FIDE WCCC G10 2018"]
[Site "Santiago de Compostela"]
[Date "2018.11.14"]
[Round "10"]
[White "Chen, Yining"]
[Black "Vlasova, Olesia"]
[Result "1-0"]
[ECO "D30"]
[WhiteElo "1457"]
[BlackElo "1639"]
[Annotator "NA RC"]
[PlyCount "84"]
[EventDate "2018.11.04"]
[EventType "swiss"]
[EventCountry "ESP"]
[SourceTitle "playchess.com"]
[Source "ChessBase"]
[SourceQuality "1"]
[TimeControl "40/5400+30:1800+30"]

1. d4 d5 2. c4 e6 3. Nf3 Be7 4. Nc3 Nf6 5. Qc2 c5 6. cxd5 exd5 7. Bg5 cxd4 8. Nxd4 h6 9. Bh4 O-O 10. e3 Nc6 11. Nxc6 bxc6 12. Be2 Re8 13. O-O Bd7 14. Rac1 Rb8 15. Bg3 Ra8 16. Rfd1 Qa5 17. a3 g6 18. h3 Bf8 19. Bf3 Bg7 20. Na4 Ne4 21. Bxe4 Rxe4 22. b4 Qd8 23. Qb3 Re8 24. Nc5 Bc8 25. a4 Qg5 26. b5 cxb5 27. axb5 Be6 28. Nxe6 fxe6 29. Rc7 Qf6 30. Rdc1 Kh8 31. Qa3 Qb2 32. Qxb2 Bxb2 33. R1c2 Bf6 34. Rf7 Bd8 35. Be5+ Kg8 36. Rg7+ Kf8 37. Rxg6 a6 38. bxa6 Rxa6 39. Rxh6 Ba5 40. Rh8+ Kf7 41. Rxe8 Kxe8 42. Ra2 Kd7 1-0

[Event "FIDE WCCC G10 2018"]
[Site "Santiago de Compostela"]
[Date "2018.11.14"]
[Round "10"]
[White "Wu, Abbie"]
[Black "Ho, Ngoc Vy"]
[Result "0-1"]
[ECO "C54"]
[WhiteElo "1446"]
[BlackElo "1275"]
[Annotator "NA RC"]
[PlyCount "150"]
[EventDate "2018.11.04"]
[EventType "swiss"]
[EventCountry "ESP"]
[SourceTitle "playchess.com"]
[Source "ChessBase"]
[SourceQuality "1"]
[TimeControl "40/5400+30:1800+30"]

1. e4 e5 2. Nf3 Nc6 3. Bc4 Bc5 4. c3 Nf6 5. d3 O-O 6. Nbd2 d6 7. Bb3 d5 8. Qe2 h6 9. h3 Re8 10. Nf1 Be6 11. Ng3 Bb6 12. O-O dxe4 13. dxe4 Na5 14. Bxe6 Rxe6 15. b3 Nh7 16. Bb2 Ng5 17. Rfd1 Qf6 18. Nf5 Kh7 19. Nxg5+ Qxg5 20. Rd7 Rg6 21. Qf3 Rf6 22. h4 Qg6 23. h5 Qg5 24. Bc1 Rxf5 25. Qxf5+ Qxf5 26. exf5 Kg8 27. Ba3 Re8 28. Rad1 Nc6 29. Kf1 e4 30. R7d2 e3 31. Re2 Re5 32. g4 exf2 33. Rd8+ Kh7 34. Rxe5 Nxe5 35. c4 Be3 36. Re8 Nxg4 37. Rxe3 Nxe3+ 38. Kxf2 Nxf5 39. Bb2 g6 40. Be5 c6 41. Kf3 gxh5 42. Bf6 Kg6 43. Bd8 f6 44. Bc7 h4 45. Kg4 h5+ 46. Kh3 Kg5 47. Ba5 Kf4 48. Bd8 Ke3 49. Bxf6 Kd2 50. b4 Kd3 51. c5 Kc4 52. a3 Kb3 53. a4 Kxb4 54. Be5 Kxa4 55. Bb8 a5 56. Bd6 Kb4 57. Kh2 a4 58. Be5 a3 59. Kg2 Ne3+ 60. Kh3 a2 61. Kxh4 Nc2 62. Kxh5 a1=Q 63. Bxa1 Nxa1 64. Kg5 Kxc5 65. Kh6 b5 66. Kh7 b4 67. Kh8 b3 68. Kg8 b2 69. Kh8 b1=Q 70. Kg7 Qf5 71. Kh8 Qg5 72. Kh7 Kd6 73. Kh8 Ke7 74. Kh7 Kf7 75. Kh8 Qg7# 0-1

[Event "FIDE WCCC G10 2018"]
[Site "Santiago de Compostela"]
[Date "2018.11.14"]
[Round "10"]
[White "Cereijo Suarez, Nerea"]
[Black "Pheng, Sophia"]
[Result "0-1"]
[ECO "E69"]
[WhiteElo "1368"]
[BlackElo "1022"]
[Annotator "NA RC"]
[PlyCount "62"]
[EventDate "2018.11.04"]
[EventType "swiss"]
[EventCountry "ESP"]
[SourceTitle "playchess.com"]
[Source "ChessBase"]
[SourceQuality "1"]
[TimeControl "40/5400+30:1800+30"]

1. d4 Nf6 2. c4 g6 3. Nc3 Bg7 4. Nf3 O-O 5. g3 d6 6. Bg2 Nbd7 7. O-O e5 8. e4 c6 9. h3 h6 10. a3 a5 11. b3 Re8 12. d5 Nc5 13. dxc6 bxc6 14. Re1 Qc7 15. Bb2 Rb8 16. Nd2 Nd3 17. Re3 Nxb2 18. Qc2 Nxc4 19. Nxc4 Be6 20. Ne2 d5 21. exd5 cxd5 22. Rxe5 dxc4 23. Re3 Nd5 24. Bxd5 Bxa1 25. Bxe6 fxe6 26. Qxg6+ Bg7 27. Rxe6 Qd7 28. Rd6 Qxh3 29. Qc2 cxb3 30. Qc4+ Kh8 31. Rd1 b2 0-1

[Event "FIDE WCCC G10 2018"]
[Site "Santiago de Compostela"]
[Date "2018.11.14"]
[Round "10"]
[White "Vu, My Linh"]
[Black "Szczotka, Klara"]
[Result "1-0"]
[ECO "A80"]
[WhiteElo "1349"]
[BlackElo "1581"]
[Annotator "NA RC"]
[PlyCount "109"]
[EventDate "2018.11.04"]
[EventType "swiss"]
[EventCountry "ESP"]
[SourceTitle "playchess.com"]
[Source "ChessBase"]
[SourceQuality "1"]
[TimeControl "40/5400+30:1800+30"]

1. d4 f5 2. Nc3 Nf6 3. Bg5 g6 4. e3 Bg7 5. Bd3 h6 6. Bf4 e6 7. h4 d6 8. f3 Qe7 9. Bc4 Nh5 10. Nge2 c6 11. g4 Nxf4 12. Nxf4 Qf6 13. gxf5 exf5 14. h5 g5 15. Ng6 Rh7 16. Bg8 Rh8 17. Nxh8 Bxh8 18. d5 c5 19. Bh7 Nd7 20. e4 Ne5 21. exf5 Bxf5 22. Bxf5 Qxf5 23. Rf1 Kd7 24. Qe2 Rf8 25. O-O-O Nxf3 26. Rxf3 Qxf3 27. Qe6+ Kc7 28. Qe7+ Kb8 29. Qxd6+ Ka8 30. Nb5 Qf4+ 31. Qxf4 gxf4 32. d6 Rd8 33. Nc7+ Kb8 34. Ne6 Rd7 35. Nxc5 Rd8 36. d7 Bf6 37. Ne6 Rg8 38. d8=Q+ Bxd8 39. Rxd8+ Rxd8 40. Nxd8 f3 41. Kd2 Kc7 42. Nf7 Kd7 43. Nxh6 Ke6 44. Ke3 Kf6 45. Ng4+ Kg7 46. Kxf3 Kh7 47. Kf4 Kg7 48. Kg5 Kh7 49. h6 b5 50. Nf6+ Kh8 51. Kg6 a5 52. h7 b4 53. Ng8 b3 54. Nh6 bxc2 55. Nf7# 1-0

[Event "FIDE WCCC G10 2018"]
[Site "Santiago de Compostela"]
[Date "2018.11.14"]
[Round "10"]
[White "Kurmanalina, Deniza"]
[Black "Morden, SImone"]
[Result "1-0"]
[ECO "C24"]
[WhiteElo "1320"]
[BlackElo "1443"]
[Annotator "NA RC"]
[PlyCount "101"]
[EventDate "2018.11.04"]
[EventType "swiss"]
[EventCountry "ESP"]
[SourceTitle "playchess.com"]
[Source "ChessBase"]
[SourceQuality "1"]
[TimeControl "40/5400+30:1800+30"]

1. e4 e5 2. Bc4 Nf6 3. d3 c6 4. Nf3 d5 5. Bb3 Nbd7 6. O-O Bd6 7. Re1 O-O 8. Nbd2 Qc7 9. Nf1 h6 10. Ng3 Nc5 11. h3 Nxb3 12. axb3 Bd7 13. Nh4 Bc5 14. Qf3 Qd8 15. Nhf5 dxe4 16. dxe4 Kh7 17. Rd1 Rg8 18. Be3 Bxe3 19. Qxe3 Qc7 20. Rxa7 Rxa7 21. Qxa7 Bxf5 22. exf5 Nd5 23. Qa4 Rd8 24. Re1 Re8 25. Qe4 Nf6 26. Qc4 Kg8 27. Ne4 Nd5 28. Qd3 Qa5 29. Rf1 Rf8 30. Qg3 Nf4 31. Kh1 Qd5 32. Nf6+ Kh8 33. Nxd5 cxd5 34. Re1 f6 35. Qc3 Rg8 36. Qb4 g6 37. g3 Nxh3 38. Kg2 Ng5 39. fxg6 Rxg6 40. Qxb7 d4 41. Ra1 Rg8 42. Qe7 Rg7 43. Qxf6 Nf7 44. Ra7 Kg8 45. Ra8+ Kh7 46. Qf5+ Rg6 47. Qxf7+ Rg7 48. Qf5+ Rg6 49. Ra7+ Kg8 50. Qxg6+ Kf8 51. Qf7# 1-0

[Event "FIDE WCCC G10 2018"]
[Site "Santiago de Compostela"]
[Date "2018.11.14"]
[Round "10"]
[White "Chekhani, Anna"]
[Black "Keerthana Easwar"]
[Result "1-0"]
[ECO "A01"]
[WhiteElo "1288"]
[BlackElo "1410"]
[Annotator "NA RC"]
[PlyCount "87"]
[EventDate "2018.11.04"]
[EventType "swiss"]
[EventCountry "ESP"]
[SourceTitle "playchess.com"]
[Source "ChessBase"]
[SourceQuality "1"]
[TimeControl "40/5400+30:1800+30"]

1. b3 e5 2. Bb2 Nc6 3. e3 Nf6 4. Bb5 Bd6 5. Ne2 e4 6. Ng3 O-O 7. O-O Be5 8. Nc3 d5 9. Be2 g6 10. f4 exf3 11. Bxf3 Be6 12. Na4 Bxb2 13. Nxb2 Ne5 14. Nd3 Nxd3 15. cxd3 c6 16. Qc2 Bg4 17. Qb2 Bxf3 18. Rxf3 Nd7 19. Nh5 f6 20. Nf4 Qe7 21. Qc2 Nc5 22. Raf1 Ne6 23. Nxe6 Qxe6 24. Qc3 f5 25. Qb4 Qc8 26. e4 c5 27. Qa4 dxe4 28. Qc4+ Kh8 29. dxe4 b6 30. exf5 gxf5 31. Qc3+ Kg8 32. Rg3+ Kf7 33. Qg7+ Ke6 34. Re3+ Kd6 35. Qe7+ Kc6 36. Re6+ Kb5 37. a4+ Ka6 38. Rfe1 Qd8 39. Qxc5 Qxd2 40. Qb5+ Kb7 41. Qc6+ Ka6 42. Qc4+ Kb7 43. Re7+ Kb8 44. Qc7# 1-0

[Event "FIDE WCCC G10 2018"]
[Site "Santiago de Compostela"]
[Date "2018.11.14"]
[Round "10"]
[White "Wen, Kally"]
[Black "Kleymenova, Valeria"]
[Result "0-1"]
[ECO "C15"]
[WhiteElo "1195"]
[BlackElo "1773"]
[Annotator "NA RC"]
[PlyCount "124"]
[EventDate "2018.11.04"]
[EventType "swiss"]
[EventCountry "ESP"]
[SourceTitle "playchess.com"]
[Source "ChessBase"]
[SourceQuality "1"]
[TimeControl "40/5400+30:1800+30"]

1. e4 e6 2. d4 d5 3. Nc3 Bb4 4. exd5 exd5 5. Bd3 Nf6 6. Nge2 h6 7. a3 Be7 8. O-O O-O 9. f3 c6 10. Ng3 Bd6 11. Nce2 Qc7 12. Bd2 b6 13. Qc1 Ba6 14. Bxa6 Nxa6 15. Bf4 c5 16. Bxd6 Qxd6 17. Nf5 Qd7 18. Neg3 Nc7 19. c4 Ne6 20. Rd1 Nxd4 21. Nxd4 cxd4 22. Rxd4 Rac8 23. Kh1 Qc7 24. Qc3 dxc4 25. Rc1 Rfe8 26. Nf5 Re5 27. Nd6 Nd5 28. Rxd5 Rxd5 29. Nxc8 Qxc8 30. Qe3 Qd7 31. h3 b5 32. Qf4 Qd6 33. Qe4 Qe5 34. Qc2 Rd3 35. a4 a6 36. axb5 axb5 37. Ra1 g6 38. Rb1 Qe3 39. Rd1 Kg7 40. Rb1 Qd2 41. Qxd2 Rxd2 42. g4 Rf2 43. Kg1 Rxf3 44. Kg2 Rb3 45. h4 c3 46. Rc1 Rxb2+ 47. Kf3 b4 48. Ke3 c2 49. Kd2 b3 50. g5 Rb1 51. Rxc2 bxc2 52. Kxc2 Rh1 53. gxh6+ Kxh6 54. h5 Rxh5 55. Kd2 f5 56. Ke2 g5 57. Kf2 g4 58. Kg3 Kg5 59. Kf2 f4 60. Kf1 g3 61. Kg1 f3 62. Kf1 Rh1# 0-1

[Event "FIDE WCCC G10 2018"]
[Site "Santiago de Compostela"]
[Date "2018.11.15"]
[Round "11"]
[White "Edithso, Samantha"]
[Black "Shvedova, Alexandra"]
[Result "1-0"]
[ECO "C54"]
[WhiteElo "1879"]
[BlackElo "1782"]
[Annotator "NA"]
[PlyCount "154"]
[EventDate "2018.11.04"]
[EventType "swiss"]
[EventCountry "ESP"]
[SourceTitle "playchess.com"]
[Source "ChessBase"]
[SourceQuality "1"]
[TimeControl "40/5400+30:1800+30"]

1. e4 e5 2. Nf3 Nc6 3. Bc4 Bc5 4. c3 Nf6 5. d3 d6 6. h3 Bb6 7. O-O {[%emt 0:00:15] C54: Giuoco Piano: 4 c3 Nf6, main lines with 5 d4 and 5 d3} Ne7 8. Re1 Ng6 9. Nbd2 O-O 10. Nf1 h6 {[%emt 0:00:45] LiveBook: 5 Games} 11. Ng3 c6 12. Bb3 d5 13. exd5 Nxd5 {[%emt 0:00:16] [#]} 14. Bc2 $146 (14. d4 exd4 15. Nxd4 {½-½ (27) Wei,Y (2734)-Wen,Y (2596) Tianjin 2018}) 14... Bc7 15. d4 exd4 16. Nxd4 a6 17. Qf3 Nf6 18. Be3 Ne5 19. Qe2 Nd5 20. Rad1 Bd7 21. a3 Re8 22. Bb1 Ng6 23. Ne4 Nxe3 24. fxe3 (24. Qxe3 $11 Qe7 25. Nf3) 24... Qe7 25. Qf2 Qe5 ({Better is} 25... Rad8 $17) 26. Nf3 Qe7 $1 27. Ng3 Rad8 28. e4 Ne5 29. Nd4 g6 30. Ba2 Bb6 31. Kh1 Be6 32. Bxe6 fxe6 33. Nge2 Qg7 (33... g5 $17 34. Qe3 Rf8) 34. Qg3 g5 35. Rf1 c5 36. Nf3 Bc7 37. Nxe5 Qxe5 38. Qxe5 Bxe5 39. Nc1 c4 40. Ne2 h5 41. Kg1 Kg7 42. Nd4 Kg6 43. g4 h4 44. Nf3 Bc7 45. Kg2 Bb8 46. Rd4 e5 47. Rd2 Rxd2+ 48. Nxd2 b5 49. Rf5 Ba7 $1 50. Kf3 Bb6 51. Ke2 Bd8 52. a4 Bf6 53. axb5 axb5 54. Nb1 Ra8 55. Kd1 Rd8+ 56. Nd2 Rd3 57. Rf3 Rd7 58. Kc2 Be7 59. b3 cxb3+ 60. Nxb3 Rc7 61. Nd2 Ra7 62. Rf5 Ra2+ 63. Kd3 Ra3 (63... Bf6 $11) 64. Rxe5 Bf6 65. Rc5 b4 66. e5 Rxc3+ $2 (66... Bd8 67. Ne4 Kf7 68. Nd6+ Ke7) 67. Rxc3 bxc3 68. Nf3 Bd8 69. Kxc3 Kf7 $18 70. Kd4 Ke6 71. Ke4 Be7 72. Nd4+ Kf7 73. Kf5 Bc5 74. Nf3 Be3 75. Nxg5+ Bxg5 76. Kxg5 Ke6 77. Kf4 Kd5 {Ke4+} 1-0

[Event "FIDE WCCC G10 2018"]
[Site "Santiago de Compostela"]
[Date "2018.11.15"]
[Round "11"]
[White "Kleymenova, Valeria"]
[Black "Zhapova, Yana"]
[Result "1/2-1/2"]
[ECO "A40"]
[WhiteElo "1773"]
[BlackElo "1821"]
[Annotator "NA"]
[PlyCount "116"]
[EventDate "2018.11.04"]
[EventType "swiss"]
[EventCountry "ESP"]
[SourceTitle "playchess.com"]
[Source "ChessBase"]
[SourceQuality "1"]
[TimeControl "40/5400+30:1800+30"]

1. d4 e6 2. c4 d5 3. cxd5 exd5 4. Nc3 c6 5. Bf4 Nf6 6. e3 Bf5 7. Nf3 Bd6 {[%emt 0:02:12] LiveBook: 24 Games} 8. Ne5 {[%emt 0:06:13] D35: Queen's Gambit Declined: Exchange Variation} (8. Bg3 O-O 9. Be2 Re8 10. Qb3 Bxg3 11. hxg3 Qb6 12. Nh4 Be4 13. f3 Bg6 14. Nxg6 fxg6 15. Qxb6 axb6 16. Kd2 b5 {½-½ (29) Anastasian,A (2559)-Kotanjian,T (2568) Yerevan 2009}) 8... Qe7 9. Bd3 Bxd3 10. Nxd3 $146 ({Predecessor:} 10. Qxd3 O-O 11. O-O Nbd7 12. Nxd7 Nxd7 13. Bxd6 Qxd6 14. b4 a6 15. Rab1 Rfe8 {1-0 (51) Casagrande,H (2345)-Sommerbauer,N (2395) Moesern 1997}) 10... Bxf4 11. Nxf4 Nbd7 12. Qb3 Nb6 13. O-O O-O 14. Rac1 Nc4 15. Rfe1 Rfe8 16. Qc2 Rad8 17. b3 Nd6 18. Na4 Nfe4 19. f3 Ng5 20. Nc5 Qf6 21. Qd2 Qh6 22. Qd3 Re7 23. Re2 Rde8 24. Rce1 Qh4 25. Qc2 Qh6 26. Ncd3 Ne6 27. Nxe6 Rxe6 28. Nf4 R6e7 29. Qd3 Qf6 30. Nh3 Nf5 $11 31. Nf2 h6 32. Ng4 Qe6 33. e4 dxe4 34. fxe4 Nxd4 35. Nxh6+ Qxh6 36. Qxd4 b6 37. e5 c5 38. Qd5 Qe6 39. Qd3 Rd7 40. Qe4 Qd5 41. Qf5 Re6 42. Re4 Qd3 43. Qf2 Qd2 44. R4e2 Qd4 45. Re3 Rd5 46. Kf1 c4 47. bxc4 Qxc4+ 48. Kg1 Qc5 49. Re4 Qxf2+ 50. Kxf2 Kf8 51. Kf3 Ke7 52. Rc1 Kd7 53. Rec4 Rexe5 54. Rc7+ Ke8 55. Rxa7 Rf5+ 56. Ke2 Rde5+ 57. Kd3 Rd5+ 58. Ke3 Rde5+ 1/2-1/2

[Event "FIDE WCCC G10 2018"]
[Site "Santiago de Compostela"]
[Date "2018.11.15"]
[Round "11"]
[White "Zhou, Yafei"]
[Black "Chen, Yining"]
[Result "1/2-1/2"]
[ECO "A49"]
[WhiteElo "1648"]
[BlackElo "1457"]
[Annotator "NA"]
[PlyCount "110"]
[EventDate "2018.11.04"]
[EventType "swiss"]
[EventCountry "ESP"]
[SourceTitle "playchess.com"]
[Source "ChessBase"]
[SourceQuality "1"]
[TimeControl "40/5400+30:1800+30"]

1. d4 Nf6 2. Nf3 g6 3. g3 Bg7 4. Bg2 O-O 5. O-O d6 6. b3 Bg4 7. Bb2 c6 8. c4 Bxf3 9. Bxf3 Nbd7 10. Nc3 e5 11. dxe5 dxe5 12. Qc2 Qc7 13. Rfd1 Rfe8 14. Rab1 Rad8 15. Bg2 a5 16. a3 Bf8 17. Bc1 Nc5 18. Bg5 Bg7 19. e3 Rxd1+ 20. Rxd1 Nfd7 21. e4 Ne6 22. Be3 Nd4 23. Bxd4 exd4 24. Ne2 Qb6 25. Qb1 Qc5 26. Qa2 Rd8 27. Nf4 Ne5 28. Bf1 Bf8 29. a4 Qb4 30. Nd3 Nxd3 31. Rxd3 Qe1 32. Qe2 Qxe2 33. Bxe2 Bb4 34. Kg2 Kf8 35. f4 Ke7 36. Kf3 Ke6 37. g4 Bc3 38. Rd1 Kd6 39. e5+ Ke6 40. Bd3 Rg8 41. Rg1 h6 42. Ke4 f5+ 43. Kf3 fxg4+ 44. Rxg4 g5 45. Ke4 Rf8 46. fxg5 hxg5 47. Rxg5 Rh8 48. Rg6+ Kf7 49. Rg2 Rh4+ 50. Kf5 Rh5+ 51. Ke4 Rh4+ 52. Kf5 Rh5+ 53. Ke4 Rh4+ 54. Kf5 Rh5+ 55. Ke4 Rh4+ 1/2-1/2

[Event "FIDE WCCC G10 2018"]
[Site "Santiago de Compostela"]
[Date "2018.11.15"]
[Round "11"]
[White "Vlasova, Olesia"]
[Black "Nguyen, Ha Khanh Linh"]
[Result "1/2-1/2"]
[ECO "B22"]
[WhiteElo "1639"]
[BlackElo "1449"]
[Annotator "NA"]
[PlyCount "119"]
[EventDate "2018.11.04"]
[EventType "swiss"]
[EventCountry "ESP"]
[SourceTitle "playchess.com"]
[Source "ChessBase"]
[SourceQuality "1"]
[TimeControl "40/5400+30:1800+30"]

1. e4 c5 2. c3 d5 3. exd5 Qxd5 4. d4 Nc6 5. Nf3 Bg4 6. Be2 e6 7. h3 Bh5 8. O-O Nf6 9. Be3 cxd4 10. cxd4 Be7 11. Nc3 Qa5 12. Qb3 Qb4 13. Qxb4 Nxb4 14. Bb5+ Kf8 15. g4 Bg6 16. Ne5 a6 17. Be2 Rd8 18. Rac1 Bd6 19. Bg5 Bb8 20. a3 Nbd5 21. Nxd5 exd5 22. Nd7+ Rxd7 23. Rc8+ Ne8 24. Rxb8 f6 25. Bf4 Kf7 26. Re1 Rf8 27. Bf3 Be4 28. Bxe4 dxe4 29. Rxe4 g5 30. Bd2 Ng7 31. Rxf8+ Kxf8 32. Kf1 Kf7 33. Bb4 Ne6 34. Bc5 Nf4 35. h4 h6 36. hxg5 hxg5 37. Bb4 Ne6 38. Bc3 Nf4 39. Ke1 Kg6 40. Kd2 f5 41. gxf5+ Kxf5 42. Re5+ Kg4 43. Ke3 Nd5+ 44. Kd3 Nf4+ 45. Kc4 b5+ 46. Kb3 Nd3 47. f3+ Kxf3 48. Rxg5 Rd6 49. Rg8 Ke4 50. Re8+ Kd5 51. Re3 Nf4 52. Re5+ Kc6 53. Kc2 Nd5 54. Kd3 Rf6 55. Bd2 Rd6 56. Ke4 Nf6+ 57. Kf5 Nd5 58. Bg5 Nb6 59. Rc5+ Kd7 60. Ke4 1/2-1/2

[Event "FIDE WCCC G10 2018"]
[Site "Santiago de Compostela"]
[Date "2018.11.15"]
[Round "11"]
[White "Velea, Sophie"]
[Black "Vu, My Linh"]
[Result "1-0"]
[ECO "B08"]
[WhiteElo "1593"]
[BlackElo "1349"]
[Annotator "NA"]
[PlyCount "135"]
[EventDate "2018.11.04"]
[EventType "swiss"]
[EventCountry "ESP"]
[SourceTitle "playchess.com"]
[Source "ChessBase"]
[SourceQuality "1"]
[TimeControl "40/5400+30:1800+30"]

1. e4 g6 2. d4 Bg7 3. Nc3 d6 4. Nf3 Nf6 5. Be2 O-O 6. O-O e5 7. Bg5 Be6 8. Qd2 exd4 9. Nxd4 Nbd7 10. f4 h6 11. f5 Bxf5 12. Bxf6 Qxf6 13. Nb3 Qh4 14. exf5 Be5 15. h3 Qg3 16. Rf3 Qh2+ 17. Kf2 Nf6 18. Qd3 Nh5 19. Rg1 Rae8 20. Nd5 c6 21. fxg6 f5 22. Ne3 Bg3+ 23. Kf1 Nf4 24. Qd2 Nxe2 25. Qxe2 f4 26. Nd4 d5 27. c4 c5 28. Ng4 cxd4 29. Nxh2 Rxe2 30. Kxe2 Bxh2 31. Rd1 Re8+ 32. Kd3 dxc4+ 33. Kxc4 Re2 34. Rxd4 Rxg2 35. Rd7 Rxb2 36. a3 Bg3 37. Rfd3 Rb6 38. Rb3 Rxg6 39. Rd8+ Kf7 40. Rxb7+ Kf6 41. Rd6+ Kg5 42. Rxg6+ Kxg6 43. Rxa7 f3 44. Kd3 Kg5 45. Ra4 h5 46. Ke3 f2 47. Ke2 h4 48. Rc4 Kf5 49. a4 Ke5 50. a5 Kd5 51. a6 Bb8 52. Rb4 Ba7 53. Rb7 Bc5 54. a7 Bxa7 55. Rxa7 Ke4 56. Ra4+ Kf5 57. Rxh4 Kg5 58. Rg4+ Kh5 59. Kxf2 Kh6 60. Kf3 Kh7 61. Kf4 Kh6 62. Rh4+ Kg6 63. Kg4 Kg7 64. Kf5 Kf7 65. Rh7+ Kf8 66. Kg6 Kg8 67. Rf7 Kh8 68. Rf8# 1-0

[Event "FIDE WCCC G10 2018"]
[Site "Santiago de Compostela"]
[Date "2018.11.15"]
[Round "11"]
[White "Szczotka, Klara"]
[Black "Petrosyan, Ani"]
[Result "1-0"]
[ECO "B29"]
[WhiteElo "1581"]
[BlackElo "1442"]
[Annotator "NA"]
[PlyCount "127"]
[EventDate "2018.11.04"]
[EventType "swiss"]
[EventCountry "ESP"]
[SourceTitle "playchess.com"]
[Source "ChessBase"]
[SourceQuality "1"]
[TimeControl "40/5400+30:1800+30"]

1. e4 c5 2. Nf3 Nf6 3. e5 Nd5 4. d4 cxd4 5. Qxd4 e6 6. c4 Nc6 7. Qd1 Nc7 8. Nc3 Be7 9. Be2 O-O 10. O-O d6 11. exd6 Bxd6 12. Be3 b6 13. a3 Bb7 14. Qc2 Ne5 15. Ng5 Ng6 16. Rad1 Qe7 17. Nce4 Rad8 18. Nxd6 Rxd6 19. Rxd6 Qxd6 20. Rd1 Qe7 21. f4 h6 22. Nf3 Rd8 23. Rxd8+ Qxd8 24. Qd2 Qxd2 25. Nxd2 Ne8 26. g3 Nf6 27. c5 bxc5 28. Bxc5 a6 29. Bd3 Nf8 30. Bd4 N8d7 31. b4 Nd5 32. Nc4 Bc6 33. Nd6 Nb8 34. Ba7 Nd7 35. Bxa6 Ba4 36. Bb5 Bxb5 37. Nxb5 Kf8 38. Kf2 Ke7 39. Ke2 f6 40. Kd3 e5 41. f5 N7b6 42. Bxb6 Nxb6 43. Nc3 Kd6 44. Ne4+ Kc6 45. Kc3 Kd5 46. Nc5 Kc6 47. Ne6 Nd5+ 48. Kb3 e4 49. Nxg7 e3 50. Ne6 Kb6 51. Nd4 Kc7 52. Kc4 Kd6 53. Kd3 Ke5 54. Nc2 e2 55. Kxe2 Kxf5 56. Kd3 Ke5 57. Ne3 Nxe3 58. Kxe3 Kd5 59. Kf4 Kc4 60. Kf5 Kb3 61. b5 Kxa3 62. b6 Ka4 63. b7 Ka5 64. b8=Q 1-0

[Event "FIDE WCCC G10 2018"]
[Site "Santiago de Compostela"]
[Date "2018.11.15"]
[Round "11"]
[White "Rasheva, Nora"]
[Black "Kulish, Glafira"]
[Result "0-1"]
[ECO "A01"]
[WhiteElo "1495"]
[BlackElo "1153"]
[Annotator "NA"]
[PlyCount "112"]
[EventDate "2018.11.04"]
[EventType "swiss"]
[EventCountry "ESP"]
[SourceTitle "playchess.com"]
[Source "ChessBase"]
[SourceQuality "1"]
[TimeControl "40/5400+30:1800+30"]

1. b3 e5 2. Bb2 Nc6 3. e3 d5 4. Bb5 Bd6 5. f4 f6 6. fxe5 fxe5 7. Bxc6+ bxc6 8. Bxe5 Qh4+ 9. g3 Qe4 10. Qf3 Bxe5 11. d4 Qxf3 12. Nxf3 Bd6 13. Nbd2 Nf6 14. c4 Bb4 15. a3 Bxd2+ 16. Nxd2 O-O 17. O-O Bh3 18. Rf4 Rae8 19. Re1 Ng4 20. Rxf8+ Kxf8 21. e4 dxe4 22. Rxe4 Rxe4 23. Nxe4 Nf6 24. Nc5 Ke7 25. Nd3 Ne4 26. Ne5 Bd7 27. b4 Ng5 28. Kf2 Nf7 29. Nxf7 Kxf7 30. Ke3 Be6 31. Kd3 Kf6 32. a4 a6 33. a5 Kf5 34. d5 cxd5 35. cxd5 Bxd5 36. Kd4 Bc6 37. h3 h5 38. Ke3 Ke5 39. Kd3 Bd7 40. h4 Kf5 41. Ke3 Kg4 42. Kf2 Bc6 43. Kf1 Kxg3 44. Kg1 Bg2 45. b5 axb5 46. a6 b4 47. a7 b3 48. a8=Q Bxa8 49. Kf1 b2 50. Ke2 b1=Q 51. Kd2 Qb3 52. Ke2 Be4 53. Kd2 Qd3+ 54. Ke1 Kh2 55. Kf2 Bf3 56. Ke1 Qe2# 0-1

[Event "FIDE WCCC G10 2018"]
[Site "Santiago de Compostela"]
[Date "2018.11.15"]
[Round "11"]
[White "Yildiz, Elif Zeren"]
[Black "Kirtadze, Anastasia"]
[Result "1-0"]
[ECO "A08"]
[WhiteElo "1448"]
[BlackElo "1373"]
[Annotator "NA RC"]
[PlyCount "143"]
[EventDate "2018.11.04"]
[EventType "swiss"]
[EventCountry "ESP"]
[SourceTitle "playchess.com"]
[Source "ChessBase"]
[SourceQuality "1"]
[TimeControl "40/5400+30:1800+30"]

1. e4 e6 2. d3 c5 3. Nd2 Nc6 4. Ngf3 Nf6 5. g3 d5 6. Bg2 Be7 7. O-O O-O 8. Re1 Rb8 9. e5 Nd7 10. Nf1 f6 11. exf6 Bxf6 12. h4 h6 13. N1h2 Qe7 14. Ng4 Nb6 15. c3 e5 16. Ngxe5 Nxe5 17. Nxe5 Bxe5 18. Bf4 Be6 19. Rxe5 Rbe8 20. Qe2 Rf5 21. Re1 Rxe5 22. Qxe5 Qf7 23. Qc7 Nd7 24. Qd6 Nf6 25. Qxc5 Rc8 26. Qd4 Re8 27. Re5 Kh7 28. Qa4 Ng4 29. Re2 Nf6 30. Qxa7 Re7 31. Qc5 Rd7 32. a4 Re7 33. Qb4 Re8 34. a5 Qh5 35. Re1 Qf7 36. Qd4 Qd7 37. b4 Ng4 38. c4 Bf5 39. Rd1 Qa4 40. Rf1 Qxb4 41. Qxd5 Bg6 42. Qxb7 Qxa5 43. Qb5 Qd8 44. Be4 Bxe4 45. dxe4 Rf8 46. Qd5 Qe8 47. f3 Nf6 48. Qe5 Qa8 49. Ra1 Qb7 50. Qb5 Qf7 51. Rd1 Qa7+ 52. Kg2 Qf7 53. Rd4 Qa7 54. Rd2 Qf7 55. Qf5+ g6 56. Qb5 Kh8 57. Bxh6 Nxe4 58. Bxf8 Nxd2 59. Qb2+ Kh7 60. Qxd2 Qxf8 61. Qe3 Qf6 62. c5 Qb2+ 63. Kh3 Qb1 64. c6 Qf1+ 65. Kh2 Qd1 66. Qe7+ Kh6 67. Qf8+ Kh7 68. Qf7+ Kh6 69. c7 Qe2+ 70. Kh3 Qf1+ 71. Kg4 Qa6 72. Qf8+ 1-0

[Event "FIDE WCCC G10 2018"]
[Site "Santiago de Compostela"]
[Date "2018.11.15"]
[Round "11"]
[White "Qu, Greta"]
[Black "Khamdamova, Afruza"]
[Result "0-1"]
[ECO "C44"]
[WhiteElo "1360"]
[BlackElo "1691"]
[Annotator "NA"]
[PlyCount "154"]
[EventDate "2018.11.04"]
[EventType "swiss"]
[EventCountry "ESP"]
[SourceTitle "playchess.com"]
[Source "ChessBase"]
[SourceQuality "1"]
[TimeControl "40/5400+30:1800+30"]

1. e4 e5 2. Nf3 Nc6 3. d4 exd4 4. Nxd4 Nf6 5. Nc3 Bb4 6. Nxc6 bxc6 7. Bd3 d5 8. exd5 cxd5 9. O-O O-O 10. Bg5 c6 11. Qf3 Be7 12. h3 Rb8 13. Rab1 Be6 14. Ne2 c5 15. Nf4 c4 16. Be2 Ne4 17. Bxe7 Qxe7 18. Qe3 Qc5 19. Qxc5 Nxc5 20. Nxe6 fxe6 21. Bg4 Rfe8 22. Rfe1 e5 23. Kf1 d4 24. Ke2 Ne4 25. Bf3 Nf6 26. g4 e4 27. Bg2 g5 28. Kd2 Kf7 29. Bf1 Rbc8 30. b3 c3+ 31. Kc1 Red8 32. Bc4+ Kg7 33. Rd1 Rc6 34. Bb5 Rcd6 35. b4 d3 36. cxd3 exd3 37. Rb3 Ne4 38. f3 d2+ 39. Kc2 Nf2 40. Rxc3 Nxd1 41. Kxd1 Re6 42. Rd3 Rxd3 43. Bxd3 Re3 44. Be4 Ra3 45. Kxd2 Rxa2+ 46. Kc3 Rh2 47. Kc4 Rxh3 48. Kb5 Rh2 49. Ka6 Rb2 50. b5 h6 51. Bc6 Ra2+ 52. Kb7 Kf6 53. Bd7 Ke5 54. Bc6 Ra5 55. Kc7 Kf4 56. Kb7 Rxb5+ 57. Bxb5 Kxf3 58. Bd7 a5 59. Kb6 a4 60. Bxa4 Kxg4 61. Kc5 Kh3 62. Kd4 g4 63. Bd7 h5 64. Ke3 Kg3 65. Bc6 h4 66. Ke2 Kh2 67. Kf1 g3 68. Bg2 h3 69. Bxh3 Kxh3 70. Kg1 g2 71. Kf2 Kh2 72. Kf3 g1=Q 73. Ke2 Qd4 74. Kf1 Kg3 75. Ke2 Kg2 76. Ke1 Kf3 77. Kf1 Qf2# 0-1